 Dungeon Sprint DCSS version 0.27.1-33-g824d729ab1 (webtiles) character file.

Game seed: 16969227917751258044

1739 Adenis the Cleaver (level 8, -2/132 HPs)
             Began as a Minotaur Berserker on Dec 6, 2021.
             Was an Elder of Trog.
             Slain by a centaur warrior (13 damage)
             ... in the Dungeon (Sprint I: "Red Sonja").
             The game lasted 00:01:58 (1193 turns).

Adenis the Cleaver (Minotaur Berserker)             Turns: 1193, Time: 00:01:58

Health: -2/132     AC:  5    Str: 25    XL:     8   Next: 77%
Magic:  7/7        EV: 14    Int:  4    God:    Trog [****..]
Gold:   559        SH:  0    Dex:  9    Spells: 7/7 levels left

rFire    . . .     SeeInvis .   a - +0 hand axe
rCold    . . .     Faith    .   (no shield)
rNeg     . . .     Spirit   .   k - +0 troll leather armour
rPois    .         Reflect  .   (helmet restricted)
rElec    .         Harm     .   (no cloak)
rCorr    .         Rampage  .   (no gloves)
Will     .....     NoTele   +   (no boots)
Stlth    ..........             (no amulet)
HPRegen  1.32/turn              (no ring)
MPRegen  0.10/turn              (no ring)

@: berserking, slow
A: horns 2, retaliatory headbutt
a: Renounce Religion, Berserk, Trog's Hand, Brothers in Arms


You were in the Dungeon.
You worshipped Trog.
Trog was greatly pleased with you.
You visited 1 branch You collected 559 gold pieces.

Inventory:

Hand Weapons
 a - a +0 hand axe (weapon)
Armour
 b - a +0 animal skin
 k - a +0 troll leather armour (worn)
Wands
 i - a wand of flame (15)
Scrolls
 h - a scroll of blinking
 j - a scroll of brand weapon {unknown}
Potions
 c - 2 potions of curing
 d - 2 potions of heal wounds
 e - a potion of haste
 f - 2 potions of magic
 g - a potion of berserk rage


   Skills:
 + Level 13.9 Fighting
 + Level 14.7 Axes
 + Level 7.7 Armour
 + Level 8.1 Dodging
 + Level 2.0 Stealth


You had 7 spell levels left.
You didn't know any spells.
Your spell library was empty.

Dungeon Overview and Level Annotations

Branches:
Dungeon (1/1)

Altars:
Cheibriados
Dithmenos
Elyvilon
Fedhas
Gozag
Hepliaklqana
Kikubaaqudgha
Makhleb
Nemelex Xobeh
Okawaru
Qazlal
Ru
Sif Muna
Trog
Uskayaw
Vehumet
Wu Jian
Xom
Yredelemnul
Zin
The Shining One
Jiyva
Lugonu

Shops:
D [[


Innate Abilities, Weirdness & Mutations

You have a pair of horns on your head.
You reflexively headbutt those who attack you in melee.


Message History

The centaur warrior closely misses you. You furiously retaliate!
You headbutt the centaur warrior.
The centaur warrior kicks you but does no damage.
The centaur warrior shoots an arrow.
The arrow hits you! The centaur warrior hits you.
The centaur warrior kicks you but does no damage.
A red film seems to cover your vision as you go berserk!
You feel yourself moving faster!
You feel mighty!
The centaur warrior shoots an arrow.
The arrow hits you!
The centaur warrior hits you but does no damage.
The centaur warrior barely misses you.
The centaur warrior shoots an arrow.
The arrow hits you!!
Your unstable footing causes you to fumble your attack.
The centaur warrior hits you but does no damage.
The centaur warrior closely misses you.
Your unstable footing causes you to fumble your attack.
The centaur warrior shoots an arrow.
The arrow completely misses you.
Your unstable footing causes you to fumble your attack.
The centaur warrior hits you. The centaur warrior barely misses you.
The centaur warrior shoots an arrow.
The arrow hits you!
You slash the centaur warrior!
The centaur warrior is moderately wounded.
The centaur warrior hits you!
* * * LOW HITPOINT WARNING * * *
The centaur warrior kicks you but does no damage.
You slash the centaur warrior!
The centaur warrior is heavily wounded.
The centaur warrior shoots an arrow.
The arrow hits you but does no damage.
You slash the centaur warrior!
The centaur warrior is severely wounded.
The centaur warrior hits you!
* * * LOW HITPOINT WARNING * * *
The centaur warrior kicks you but does no damage.
Your unstable footing causes you to fumble your attack.
The centaur warrior shoots an arrow.
The arrow hits you!
* * * LOW HITPOINT WARNING * * *
You closely miss the centaur warrior.
The centaur warrior is severely wounded.
The centaur warrior hits you!
You die...

########################
.#..)..#..'..#__#..))..#
.').#..').#..'..'..#...#
.#####'#####'#__####...+
.####..#...#.####§§#####
.#__####..##.#§§§§§#
.#_____##'#_.'§§§c§+
⌠#_.∩...÷..._#≈§@§c#
##_..__##_.#'##§####
#_____###+#(#§§(.###
####### ####÷###.##
+.....'.∩# ##########


You could see 2 centaur warriors.

Vanquished Creatures
  A deep troll (D)
  2 kobold demonologists (D)
  A slime creature (D)
  Sigmund (D)
  A yak (D)
  A floating eye (D)
  An ogre (D)
  A jelly (D)
  Ijyb (D)
10 creatures vanquished.

Vanquished Creatures (others)
  2 hornets (D)
2 creatures vanquished.

Grand Total: 12 creatures vanquished

Notes
Turn   | Place    | Note
-------+----------+-------------------------------------------
     0 | D        | Adenis the Minotaur Berserker began the quest for the Orb.
     0 | D        | Reached XP level 1. HP: 19/19 MP: 0/0
     2 | D        | Noticed Ijyb
    10 | D        | Killed Ijyb
    11 | D        | Reached skill level 5 in Fighting
    11 | D        | Reached skill level 5 in Axes
    11 | D        | Reached XP level 2. HP: 25/29 MP: 1/1
   134 | D        | Noticed an ogre
   137 | D        | Killed an ogre
   138 | D        | Reached skill level 7 in Axes
   138 | D        | Reached XP level 3. HP: 40/40 MP: 2/2
   138 | D        | Reached XP level 4. HP: 48/48 MP: 3/3
   185 | D        | Noticed Sigmund
   192 | D        | Killed Sigmund
   192 | D        | Reached ** piety under Trog
   193 | D        | Reached skill level 10 in Axes
   193 | D        | Reached skill level 5 in Armour
   193 | D        | Reached skill level 5 in Dodging
   193 | D        | Reached XP level 5. HP: 58/58 MP: 4/4
   358 | D        | Found an ornate altar of the Wu Jian Council.
   358 | D        | Found a shimmering blue altar of Sif Muna.
   360 | D        | Found a radiant altar of Vehumet.
   364 | D        | Reached skill level 10 in Fighting
   364 | D        | Reached XP level 6. HP: 52/66 MP: 5/5
   389 | D        | Found Etyatyz's Antique Armour Emporium.
   389 | D        | Found an ancient bone altar of Kikubaaqudgha.
   389 | D        | Found a hazy altar of Hepliaklqana.
   389 | D        | Found a stormy altar of Qazlal.
   389 | D        | Found a hide-covered altar of Uskayaw.
   389 | D        | Found a blossoming altar of Fedhas.
   389 | D        | Found a bloodstained altar of Trog.
   389 | D        | Found an iron altar of Okawaru.
   389 | D        | Found a basalt altar of Yredelemnul.
   389 | D        | Found a glowing golden altar of the Shining One.
   389 | D        | Found a snail-covered altar of Cheibriados.
   389 | D        | Found a sacrificial altar of Ru.
   389 | D        | Found a glowing silver altar of Zin.
   389 | D        | Found a shadowy altar of Dithmenos.
   389 | D        | Found a white marble altar of Elyvilon.
   389 | D        | Noticed a yak
   392 | D        | Killed a yak
   393 | D        | Reached skill level 11 in Axes
   393 | D        | Found an opulent altar of Gozag.
   394 | D        | Found a sparkling altar of Nemelex Xobeh.
   593 | D        | Found a burning altar of Makhleb.
   593 | D        | Found a viscous altar of Jiyva.
   593 | D        | Found a shimmering altar of Xom.
   593 | D        | Found a corrupted altar of Lugonu.
   593 | D        | Noticed a slime creature
   598 | D        | Killed a slime creature
   598 | D        | Reached *** piety under Trog
   599 | D        | Reached skill level 12 in Axes
   599 | D        | Reached XP level 7. HP: 75/75 MP: 6/6
   643 | D        | Noticed a kobold demonologist
   643 | D        | Noticed a kobold demonologist
   646 | D        | Paralysed by a floating eye for 3 turns
   650 | D        | Noticed a sun demon
   654 | D        | Killed a kobold demonologist
   655 | D        | Reached skill level 13 in Axes
   655 | D        | Reached skill level 1 in Stealth
   660 | D        | Killed a kobold demonologist
   660 | D        | Reached **** piety under Trog
   661 | D        | Reached XP level 8. HP: 81/86 MP: 7/7
   796 | D        | Noticed a centaur warrior
   797 | D        | Noticed a centaur warrior
   813 | D        | Noticed a deep troll
   820 | D        | Killed a deep troll
   821 | D        | Reached skill level 14 in Axes
   913 | D        | Killed a hornet
   997 | D        | Killed a hornet
  1165 | D        | Found Ynlafun's Armour Emporium.
  1193 | D        | Slain by a centaur warrior

Illustrated notes

Levels and vault maps discovered:
D:        dungeon_sprint_1 [red_sonja_temple_1, red_sonja_temple_small_1]

Skill      XL: |  1  2  3  4  5  6  7  8 |
---------------+-------------------------+-----
Fighting       | 5 7 9 10 11 13 | 13.9
Axes           | 5 7 10 12 13 14 | 14.7
Armour         | 3 4 5 6 7 |  7.7
Dodging        | 3 4 5 6 7 8 |  8.1
Stealth        | 1 2 |  2.0

Action                   |  1- 3 |  4- 6 |  7- 9 || total
-------------------------+-------+-------+-------++-------
Melee: Hand axe          |     8 |    12 |    26 ||    46
       Headbutt          |     2 |     4 |     6 ||    12
Invok: Berserk           |     2 |     3 |     3 ||     8
Armor: Animal skin       |       |       |     2 ||     2
       Troll leather arm |       |       |     7 ||     7
Dodge: Dodged            |     1 |     3 |    12 ||    16
